AoeStats
← Saymyname3451

African Clearing

510418529Analyzed
4v4 RM · 2d ago on Sep 30, 2026· 55m 30s· 8 players
Game mode
Random Map
Map size
Large (8 player)
Population
200
Speed
Normal
Resources
Standard
Victory
Conquest
Starting age
Dark Age
Ending age
Imperial Age
RankedLock teamsTeams togetherTeam positionsShared explorationLock speedFull tech treeHidden civsTurbo modeCheats
Victory
Defeat
🇩🇪 Vietnamese · Germany
1433
+10
🇩🇪 Burgundians · Germany
1423
+10
🇩🇪 Poles · Germany
1378
+12
🇩🇪 Franks · Germany
855
+30
🇫🇷 Tatars · France
1360
-19
🇫🇷 Berbers · France
1275
-15
🇨🇴 Persians · Colombia
1274
-15
🇫🇷 Cumans · France
1187
-13
vR-MrReD
2:59 Loom
9:05 Double-Bit Axe
12:02 Wheelbarrow
14:03 Feudal Age
16:16 Gold Mining
16:33 Horse Collar
19:25 Castle Age
18:19 Bow Saw
18:45 Scale Barding Armor
19:38 Cavalier
20:43 Husbandry
29:00 Forging
29:13 Chain Barding Armor
29:04 Forging
30:51 Stone Mining
32:15 Hand Cart
34:19 Stone Shaft Mining
35:03 Heavy Plow
39:47 Imperial Age
39:22 Iron Casting
41:16 Plate Barding Armor
41:01 Town Watch
41:00 Paladin
43:25 Gold Shaft Mining
42:16 Light Cavalry
43:20 Conscription
44:33 Blast Furnace
44:02 Hussar
45:58 Two-Man Saw
48:57 Burgundian Vineyards
49:05 Town Patrol
Aremenius
12:30 Loom
14:44 Feudal Age
16:13 Double-Bit Axe
16:09 Horse Collar
18:45 Castle Age
18:04 Bloodlines
18:00 Scale Barding Armor
26:12 Fletching
28:50 Town Watch
31:37 Bow Saw
43:02 Wheelbarrow
43:29 Stone Mining
46:25 Chain Barding Armor
46:52 Forging
47:09 Heavy Plow
49:36 Husbandry
49:28 Gold Mining
50:14 Stone Shaft Mining
50:18 Iron Casting
52:15 Imperial Age
50:30 Szlachta Privileges
52:22 Cavalier
53:52 Conscription
55:57 Blast Furnace
56:00 Chemistry
54:42 Treadmill Crane
56:29 Ballistics
hellokittyfrieden
10:45 Loom
13:04 Feudal Age
14:54 Double-Bit Axe
19:22 Scale Barding Armor
34:55 Castle Age
33:13 Gold Mining
34:50 Forging
36:37 Chain Barding Armor
45:56 Iron Casting
46:47 Bow Saw
49:46 Ordonnance Companies
51:14 Wheelbarrow
51:08 Town Watch
56:37 Imperial Age
54:23 Hand Cart
sunSmit
10:27 Loom
10:34 Loom
12:54 Feudal Age
14:33 Double-Bit Axe
17:27 Castle Age
16:18 Fletching
17:09 Gold Mining
17:36 Crossbowman
19:08 Bow Saw
20:18 Crossbowman
21:41 Bodkin Arrow
23:38 Wheelbarrow
22:49 Horse Collar
24:43 Ballistics
26:15 Padded Archer Armor
27:47 Leather Archer Armor
27:57 Heavy Plow
28:32 Town Watch
34:15 Imperial Age
33:52 Guard Tower
34:57 Bracer
35:34 Thumb Ring
38:10 Arbalester
39:45 Bloodlines
40:48 Scale Barding Armor
40:53 Forging
44:19 Chemistry
43:47 Hand Cart
43:47 Masonry
43:48 Chatras
45:46 Town Patrol
45:47 Stone Mining
47:35 Chain Barding Armor
47:26 Forging
48:11 Paper Money
49:00 Keep
49:37 Plate Barding Armor
49:55 Crop Rotation
50:32 Two-Man Saw
50:08 Stone Shaft Mining
49:51 Elite Battle Elephant
51:00 Husbandry
53:01 Murder Holes
55:36 Iron Casting
Saymyname3451
4:03 Loom
12:33 Feudal Age
13:27 Double-Bit Axe
17:09 Fletching
19:30 Wheelbarrow
26:28 Castle Age
26:29 Crossbowman
27:16 Bodkin Arrow
37:57 Ballistics
38:44 Padded Archer Armor
42:01 Hand Cart
45:31 Imperial Age
44:00 Horse Collar
46:12 Bracer
45:53 Heavy Cavalry Archer
46:48 Husbandry
47:00 Bloodlines
48:55 Chemistry
48:58 Gold Mining
50:28 Bow Saw
Yuanyuan8262
3:18 Loom
12:45 Feudal Age
13:19 Double-Bit Axe
17:57 Fletching
20:01 Padded Archer Armor
24:18 Castle Age
24:20 Crossbowman
25:10 Bodkin Arrow
27:21 Bow Saw
28:00 Stone Mining
28:24 Pikeman
30:21 Scale Mail Armor
36:11 Gold Mining
37:22 Stone Shaft Mining
38:33 Leather Archer Armor
39:31 Ballistics
40:28 Husbandry
44:44 Imperial Age
44:26 Bloodlines
46:55 Bracer
49:52 Murder Holes
Zell
3:55 Loom
13:20 Feudal Age
13:50 Town Watch
15:25 Wheelbarrow
18:31 Castle Age
16:37 Double-Bit Axe
17:09 Gold Mining
17:57 Horse Collar
18:51 Padded Archer Armor
18:44 Fletching
29:50 Husbandry
30:59 Scale Barding Armor
32:47 Chain Barding Armor
36:06 Forging
37:42 Iron Casting
41:15 Imperial Age
39:17 Bow Saw
39:08 Heavy Plow
39:24 Bloodlines
41:52 Gold Shaft Mining
40:59 Heavy Camel Rider
41:09 Elite Skirmisher
41:52 Padded Archer Armor
42:38 Bodkin Arrow
43:22 Leather Archer Armor
44:45 Ring Archer Armor
47:32 Chemistry
47:05 Ballistics
49:34 Blast Furnace
51:23 Plate Barding Armor
ZyTeK 23
5:29 Loom
12:05 Feudal Age
15:11 Double-Bit Axe
22:59 Castle Age
22:28 Fletching
22:39 Padded Archer Armor
22:39 Gold Mining
22:33 Horse Collar
23:03 Town Watch
29:15 Bow Saw
30:33 Leather Archer Armor
34:19 Bodkin Arrow
34:35 Heavy Plow
35:53 Ballistics
37:04 Steppe Husbandry
37:55 Thumb Ring
41:34 Imperial Age
Connection lost

Rejoining the realm…

Still unreachable

The connection could not be restored.

Session expired

The server has moved on; the page needs a fresh start.